 Dungeon Crawl Stone Soup version 0.30-a0-782-ge64f9170bb (webtiles) character file.

Game seed: 7159833401725754167

3442638 wamuu the Acrobat (level 27, 217/217 HPs)
             Began as a Human Hunter on Feb 28, 2023.
             Was a High Priest of Hepliaklqana.
             Escaped with the Orb
             ... and 5 runes!
             The game lasted 06:22:02 (61839 turns).

wamuu the Acrobat (Human Hunter)                   Turns: 61839, Time: 06:22:03

Health: 217/217    AC: 28    Str: 17    XL:     27
Magic:  42/44      EV: 45    Int:  8    God:    Hepliaklqana [*****.]
Gold:   6303       SH:  5    Dex: 34    Spells: 23/26 levels left

rFire   + . .      SeeInvis +    Z - +8 arbalest (drain)
rCold   . . .      Faith    .    (shield currently unavailable)
rNeg    . . .      Spirit   +    P - +4 moon troll leather armour {Spirit, Regen++ MP+5}
rPois   +          Reflect  +    w - +2 hat {SInv}
rElec   .          Harm     .    j - +4 dragonskin cloak
rCorr   .          Rampage  .    g - +1 pair of gloves of Dooptadi {MP+9 Str+3 Stlth+}
Will    ++++.                    a - +2 pair of boots {Fly}
Stlth   +++                      A - amulet "Tiunn" {Reflect Will++ SH+5}
HPRegen 2.16/turn                W - ring of Vitys {+Blink rPois rF+ Stlth+}
MPRegen 0.29/turn                C - ring "Fiufusiupp" {Wiz Dex+6}

@: flying, hasted (expiring), studying Air Magic, very quick
A: reduced essence, iridescent scales 2, dopey 1, screaming 1, no potion heal 1,
MP-powered wands
0: Orb of Zot
}: 5/15 runes: decaying, slimy, silver, abyssal, gossamer
a: Renounce Religion, Evoke Blink, Recall Ancestor, Ancestor Identity,
Transference, Idealise


You escaped.
You worshipped Hepliaklqana.
Hepliaklqana was extremely pleased with you.
You visited 11 branches of the dungeon, and saw 53 of its levels.
You visited the Abyss 2 times.
You also visited: Ossuary, Bailey, Ice Cave, Volcano and Desolation.

You collected 9255 gold pieces.
You spent 2952 gold pieces at shops.

Inventory:

Hand Weapons
 n - the +4 longbow "Qig Ruy" {flame, rF+ rN++ Will- Int+3}
   (You found it on level 4 of the Realm of Zot)

   Int:       It affects your intelligence (+3).
   rF:        It protects you from fire.
   rN:        It greatly protects you from negative energy.
   Will:      It decreases your willpower.
 Z - a +8 arbalest of draining (weapon)
Missiles
 o - 5 throwing nets
Armour
 a - a +2 pair of boots of flying (worn)
 g - the +1 pair of gloves of Dooptadi (worn) {MP+9 Str+3 Stlth+}
   (You bought it in a shop on level 11 of the Dungeon)

   Str:       It affects your strength (+3).
   MP:        It affects your magic capacity (+9).
   Stlth:     It makes you more stealthy.
 j - the +4 dragonskin cloak (worn)
   (You took it off Tiamat on level 2 of the Realm of Zot)

   Avatar's Aegis: It grants the wearer a chance to resist fire, cold, poison,
   electricity, acid, and negative energy.
 w - a +2 hat of see invisible (worn)
 P - the +4 moon troll leather armour (worn) {Spirit, Regen++ MP+5}
   (You took it off an ogre mage on level 5 of the Vaults)

   MP:        It affects your magic capacity (+5).
   Regen:     It increases your rate of health regeneration.
Jewellery
 A - the amulet "Tiunn" (around neck) {Reflect Will++ SH+5}
   (You took it off a deep elf zephyrmancer on level 3 of the Elven Halls)

   [amulet of reflection]

   It reflects blocked missile attacks.
   SH:        It affects your SH (+5).
   Will:      It greatly increases your willpower.
 C - the ring "Fiufusiupp" (right hand) {Wiz Dex+6}
   (You found it on level 13 of the Dungeon)

   [ring of wizardry]

   It improves your spell success rate.
   Dex:       It affects your dexterity (+6).
 W - the ring of Vitys (left hand) {+Blink rPois rF+ Stlth+}
   (You found it in the Desolation of Salt)

   [ring of protection from fire]

   rF:        It protects you from fire.
   rPois:     It protects you from poison.
   +Blink:    It lets you blink.
   Stlth:     It makes you more stealthy.
Wands
 e - a wand of paralysis (24)
 x - a wand of flame (65)
 J - a wand of roots (63)
 L - a wand of mindburst (28)
 R - a wand of polymorph (16)
 V - a wand of quicksilver (26)
 Y - a wand of digging (29)
Scrolls
 b - 12 scrolls of immolation
 c - 12 scrolls of fog
 h - 4 scrolls of silence
 i - a scroll of fear
 u - 3 scrolls of magic mapping
 B - 11 scrolls of poison
 G - 20 scrolls of teleportation
 H - 2 scrolls of brand weapon
 I - 2 scrolls of enchant weapon
 M - 7 scrolls of blinking
 Q - 4 scrolls of amnesia
 T - 7 scrolls of enchant armour
 X - 3 scrolls of summoning
Potions
 d - 3 potions of lignification
 f - 2 potions of resistance
 k - 6 potions of haste
 l - 10 potions of magic
 m - 9 potions of might
 q - 11 potions of ambrosia
 s - 10 potions of brilliance
 t - 11 potions of cancellation
 v - 9 potions of flight
 y - a potion of heal wounds
 z - 14 potions of curing
 U - 2 potions of mutation
Miscellaneous
 p - a box of beasts
 r - a tin of tremorstones (2/2)
 E - a piece from Xom's chessboard (15/15)
 F - a lightning rod (4/4)
 N - a condenser vane
 O - a phantom mirror
 S - a phial of floods


   Skills:
 + Level 25.2 Fighting
 - Level 26.0 Ranged Weapons
 + Level 13.8 Armour
 + Level 26.1 Dodging
 - Level 10.0 Stealth
 - Level 10.0 Ice Magic
 - Level 10.0 Invocations
 - Level 10.0 Evocations


You had 23 spell levels left.
You knew the following spells:

 Your Spells              Type           Power      Damage    Failure   Level
a - Ozocubu's Armour      Ice            16%        N/A       1%          3

Your spell library contained the following spells:

 Spells                   Type           Power      Damage    Failure   Level
 Freeze                   Ice            64%        1d7       1%          1
 Frozen Ramparts          Ice            32%        1d5       1%          3
 Ensorcelled Hibernation  Hex/Ice        16%        N/A       4%          2
 Hailstorm                Conj/Ice       8%         3d4       8%          3
 Beastly Appendage        Tmut           0%         N/A       21%         1
 Foxfire                  Conj/Fire      0%         2x1d4     21%         1
 Sandblast                Erth           0%         2d4       21%         1
 Sting                    Tmut/Pois      0%         1d3       21%         1
 Cigotuvi's Dreadful Rot  Necr/Pois/Air  0%         N/A       28%         2
 Passwall                 Tmut/Erth      0%         N/A       28%         2
 Poisonous Vapours        Pois/Air       0%         N/A       28%         2
 Static Discharge         Conj/Air       0%         2-2/arc   28%         2
 Sublimation of Blood     Necr           0%         N/A       28%         2
 Wereblood                Tmut           0%         N/A       28%         2
 Call Canine Familiar     Summ           0%         N/A       50%         3
 Dazzling Flash           Conj/Hex       0%         N/A       50%         3
 Ignite Poison            Fire/Tmut/Pois 0%         N/A       50%         3
 Kindle Blastsparks       Fire/Tloc/Air  0%         2d10      50%         3
 Portal Projectile        Hex/Tloc       0%         N/A       50%         3
 Spider Form              Tmut/Pois      0%         N/A       50%         3
 Stone Arrow              Conj/Erth      0%         3d7       50%         3
 Vhi's Electric Charge    Tloc/Air       0%         N/A       50%         3
 Metabolic Englaciation   Hex/Ice        4%         N/A       54%         5
 Anguish                  Hex/Necr       0%         N/A       86%         4
 Animate Armour           Summ/Erth      0%         N/A       86%         4
 Animate Dead             Necr           0%         N/A       86%         4
 Dispel Undead            Necr           0%         3d6       86%         4
 Fulminant Prism          Conj/Hex       0%         3d5       86%         4
 Iskenderun's Mystic Bla  Conj/Tloc      0%         2d3       86%         4
 Leda's Liquefaction      Hex/Erth       0%         N/A       86%         4
 Olgreb's Toxic Radiance  Pois           0%         N/A       86%         4
 Passage of Golubria      Tloc           0%         N/A       86%         4
 Sticky Flame             Conj/Fire      0%         2d3       86%         4
 Ozocubu's Refrigeration  Ice            8%         4d9       93%         7
 Simulacrum               Ice/Necr       4%         N/A       98%         6
 Agony                    Necr           0%         N/A       99%         5
 Alistair's Intoxication  Tmut/Pois      0%         N/A       99%         5
 Arcjolt                  Conj/Air       0%         1d10      99%         5
 Borgnjor's Vile Clutch   Necr/Erth      0%         N/A       99%         5
 Fireball                 Conj/Fire      0%         3d3       99%         5
 Irradiate                Conj/Tmut      0%         3d11      99%         5
 Iskenderun's Battlesphe  Conj           0%         2d6       99%         5
 Lee's Rapid Deconstruct  Erth           0%         3d4*      99%         5
 Lightning Bolt           Conj/Air       0%         1d11      99%         5
 Silence                  Hex/Air        0%         N/A       99%         5
 Yara's Violent Unravell  Hex/Tmut       0%         3d3       99%         5
 Conjure Ball Lightning   Conj/Air       0%         3x3d6     100%        6
 Death Channel            Necr           0%         N/A       100%        6
 Eringya's Noxious Bog    Tmut/Pois      0%         N/A       100%        6
 Iron Shot                Conj/Erth      0%         9d1       100%        6
 Starburst                Conj/Fire      0%         6d3       100%        6
 Statue Form              Tmut/Erth      0%         N/A       100%        6
 Dragon Form              Tmut           0%         N/A       100%        7
 Enfeeble                 Hex            0%         N/A       100%        7
 Haunt                    Necr/Summ      0%         N/A       100%        7
 Malign Gateway           Summ/Tloc      0%         N/A       100%        7
 Orb of Destruction       Conj           0%         9d5       100%        7
 Summon Hydra             Summ           0%         N/A       100%        7
 Ignition                 Fire           0%         3d3       100%        8
 Infestation              Necr           0%         N/A       100%        8
 Lehudib's Crystal Spear  Conj/Erth      0%         10d2      100%        8
 Necromutation            Tmut/Necr      0%         N/A       100%        8
 Summon Horrible Things   Summ           0%         N/A       100%        8


Dungeon Overview and Level Annotations

Branches:
Dungeon (15/15)            Temple (1/1) D:6            Lair (5/5) D:10
  Swamp (4/4) Lair:2       Spider (4/4) Lair:2        Slime (5/5) Lair:5
    Orc (2/2) D:11            Elf (3/3) Orc:2        Vaults (5/5) D:13
  Crypt (0/3) Vaults:2     Depths (4/4) D:15            Zot (5/5) Depths:4
Ossuary (visited)          Bailey (visited)           IceCv (visited)
Volcano (visited)         Desolation (visited)

Altars:
Ashenzari
Cheibriados
Elyvilon
Fedhas
Gozag
Hepliaklqana
Kikubaaqudgha
Makhleb
Okawaru
Qazlal
Ru
Sif Muna
Trog
Uskayaw
Vehumet
Wu Jian
Xom
Yredelemnul
Zin
The Shining One
Jiyva

Shops:
D:1 (   D:9 *   D:11 [(   Orc:1 (   Orc:2 :(::   Elf:2 *((([   Vaults:1 **
Vaults:4 :

Portals:
Hell: Depths:1 Depths:2 Depths:3 Depths:4
Abyss: Depths:3
Pandemonium: Depths:2 Depths:3
Ziggurat: Depths:3

Annotations:
D:3 exclusion: 2 downstairs
D:4 duvesa, ogre, come back later, 1 runed translucent door, Crazy Yiuf
D:7 exclusion: downstairs
D:8 exclusion: 2 downstairs
D:9 2 transporters > boots
Lair:5 1 runed translucent door wereblood, TryHard88's ghost, journeyman MiBe
Orc:1 exclusion: downstairs
Depths:1 2 runed translucent doors, exclusion: door, Uloys's ghost, adept MiBe
Zot:4 2 transporters, exclusion: downstairs


Innate Abilities, Weirdness & Mutations

Your life essence is reduced to manifest your ancestor. (-10% HP)
You are mostly covered in iridescent scales. (AC +4)
You are dopey. (Int -2)
You occasionally shout uncontrollably at your foes.
Potions are less effective at restoring your health.
You expend magic power (3 MP) to strengthen your wands.


Message History

The goblin completely misses you.
You fly upwards.
Level annotation: exclusion: 2 downstairs
There is a stone staircase leading down here.
Mamimi is recalled.
You feel yourself speed up.
There is an open door here.
The terrible wounds on your body vanish.
HP restored.
Magic restored.
You see here a +0 club.
Tyufre comes into view.
Press: ? - help, v - describe, . - travel
Here: Tyufre The floor.
Tyufre moves out of view.
There is a stone staircase leading up here.
You fly upwards.
There is a stone staircase leading down here.
Your extra speed is starting to run out.
You see here a +0 dagger.
You feel yourself slow down.
You yell at the smoke demon!
A smoke demon comes into view.
You feel yourself speed up.
You see here a +0 short sword.
The smoke demon gestures at you. Something smites you!
There is a stone staircase leading up here.
You fly upwards.
There is a stone staircase leading down here.
HP restored.
A smoke demon comes into view.
There is an entrance to Gysuyn's Antique Weapon Emporium here.
You reach down and open the door.
There is an open door here.
Your extra speed is starting to run out.
There is a staircase leading out of the dungeon here.
Mamimi is recalled.
You have escaped!

#.......##
#'#####'#
#P..~..~#
#~~....P#
#≈~~.≈~~#
#..P.~P~#
#≈≈..~..#
#~~≈.####
#≈P...R@#
#########


You could see the friendly Mamimi the knight (reflecting).

Vanquished Creatures
  the Royal Jelly (Slime:5)
  4 ancient liches
  Tiamat (Zot:2)
  3 orbs of fire
  A juggernaut (Zot:5)
  Josephina (Zot:4)
  Vv (Zot:3)
  4 Killer Klowns (Zot:5)
  2 curse toes
  10 golden dragons
  Arachne (Spider:3)
  A Brimstone Fiend (D:8)
  2 electric golems
  Rupert (Spider:1)
  A Hell Sentinel (D:15)
  5 tentacled monstrosities
  4 liches
  Mlioglotl (Swamp:2)
  20 Orb Guardians
  An Ice Fiend (D:15)
  4 quicksilver dragons
  2 deep elf blademasters
  10 acid blobs
  3 deep elf master archers
  Frances (Spider:2)
  3 titans (Vaults:5)
  A sphinx (Vaults:4)
  A shadow dragon (Zot:1)
  The ghost of Ijustatesigmund the Unseen, an adept KoHu of Gozag (Swamp:4)
  12 death cobs
  Roxanne (Swamp:4)
  4 tengu reavers
  3 draconian monks
  A fenstrider witch (Swamp:2)
  7 azure jellies
  5 storm dragons
  4 fire giants
  4 rockslimes (Slime:5)
  5 emperor scorpions
  3 frost giants (Depths:2)
  12 vault wardens
  Louise (Spider:4)
  2 iron dragons
  3 imperial myrmidons (Desolation)
  3 draconian stormcallers
  3 draconian scorchers
  A broodmother (Spider:1)
  6 draconian shifters
  An orc warlord (Bailey)
  4 ghost moths
  A deep elf elementalist (Elf:3)
  14 ironbound preservers
  A spriggan defender (Depths:3)
  3 war gargoyles
  7 quicksilver oozes
  5 draconian annihilators
  22 very ugly things
  3 eleionomae
  3 ironbound thunderhulks
  11 stone giants
  7 black draconians
  A halazid warlock (Desolation)
  4 deep elf annihilators
  4 red draconians
  2 yellow draconians
  7 purple draconians
  8 green draconians
  3 spark wasps
  A deep elf demonologist (Elf:3)
  A bunyip (Swamp:4)
  2 dire elephants
  Snorg (D:14)
  3 white draconians
  7 ettins
  An ettin (shapeshifter) (Vaults:4)
  A crystal guardian (Desolation)
  7 fire dragons
  A green death (Zot:5)
  6 ragged hierophants (Desolation)
  3 deep elf death magi (Elf:3)
  5 yaktaur captains
  4 blizzard demons
  4 deep elf high priests
  6 entropy weavers
  A shambling mangrove (Swamp:3)
  26 vault guards
  8 great orbs of eyes
  Harold (D:11)
  4 ice dragons (Depths:3)
  2 servants of whispers (Desolation)
  A spriggan air mage (Depths:4)
  4 hydras
  2 peacekeepers (Desolation)
  4 ironbound frosthearts
  A ghost crab (Swamp:4)
  5 ogre magi
  A catoblepas (Lair:3)
  7 centaur warriors
  2 radroaches
  12 two-headed ogres
  A death scarab (Spider:4)
  7 boulder beetles
  10 alligators
  18 dancing weapons
  2 deep troll shamans
  2 hell hogs (Depths:3)
  15 death yaks
  3 tengu warriors
  A shock serpent (shapeshifter) (Depths:2)
  An orc high priest (Elf:2)
  4 soul eaters
  7 deep troll earth magi
  Nergalle (D:10)
  2 spriggan berserkers (Depths:3)
  A fire crab (D:13)
  2 sun demons
  15 deep elf knights
  A wretched star (Abyss:3)
  6 hell knights
  Lodul (D:14)
  3 iron trolls (Depths:3)
  A sixfirhy (Depths:3)
  4 goliath frogs
  A sun moth (Spider:4)
  5 glowing orange brains
  A bog body (Swamp:4)
  2 spriggan druids
  9 orb spiders
  17 ironbound convokers
  A flayed ghost (Depths:4)
  A pharaoh ant (Spider:1)
  A swamp dragon (shapeshifter) (D:12)
  7 steelbarb worms
  12 wizards
  A quicksilver dragon simulacrum (Zot:4)
  8 deep elf archers
  47 deep trolls
  A phantasmal warrior (Vaults:5)
  3 harpies (Vaults:3)
  6 lindwurms
  8 swamp dragons
  A glowing orange brain (shapeshifter) (Vaults:4)
  4 necromancers
  2 orc knights
  22 deep elf pyromancers
  2 salamanders (Volcano)
  4 orc sorcerers
  24 deep elf zephyrmancers
  29 ugly things
  9 wolf spiders
  4 manticores
  A worldbinder (Abyss:3)
  2 rust devils (Depths:3)
  24 moths of wrath
  7 cyclopes
  2 elephants (Lair:4)
  7 vault sentinels
  3 black mambas
  5 guardian serpents (Desolation)
  3 smoke demons (Depths:3)
  2 eyes of devastation (Slime:5)
  An ice statue (IceCv)
  2 molten gargoyles (Desolation)
  Maggie (D:9)
  An orange demon (D:11)
  11 cane toads
  6 demonic crawlers
  2 torpor snails
  6 rime drakes
  9 komodo dragons
  An unseen horror (shapeshifter) (Elf:2)
  A bunyip simulacrum (Swamp:4)
  4 freezing wraiths
  2 unseen horror zombies (D:9)
  18 yaktaurs
  2 komodo dragons (shapeshifter) (Vaults:4)
  11 trolls
  A queen bee (shapeshifter) (Elf:1)
  A bloated husk (Swamp:1)
  A meliai (Spider:4)
  14 hornets
  9 polar bears
  2 hellwings
  4 raiju (Abyss:3)
  49 saltlings (Desolation)
  8 tarantellas
  10 tyrant leeches
  16 blink frogs
  4 dream sheep (Lair:5)
  A dream sheep (shapeshifter) (D:15)
  An ettin zombie (Vaults:4)
  A deep troll skeleton (Vaults:4)
  40 slime creatures
  2 air elementals
  2 shadows
  2 vampires
  A flying skull (Abyss:3)
  17 spriggans
  14 jumping spiders
  6 wraiths
  2 spriggans (shapeshifter) (D:13)
  49 yaks
  A jumping spider (shapeshifter) (Depths:1)
  2 small abominations
  A hog (shapeshifter) (D:13)
  4 wyverns
  16 culicivoras
  A hog (Swamp:4)
  4 basilisks
  3 steam dragons (Volcano)
  4 fire elementals
  A human (shapeshifter) (D:13)
  4 water elementals
  2 chaos spawn (D:11)
  8 fire bats (Volcano)
  32 redbacks
  5 vampire mosquitoes
  2 redbacks (shapeshifter)
  A white draconian simulacrum (Zot:4)
  A warg (shapeshifter) (Vaults:5)
  A warg (Vaults:4)
  10 swamp worms
  12 water moccasins
  2 moth of wrath simulacra (Zot:4)
  Duvessa (D:4)
  2 hell hounds (D:13)
  7 swamp drakes
  An ice beast (Abyss:3)
  13 orc warriors
  A sky beast (D:8)
  5 black bears
  23 ogres
  29 wolves
  6 boggarts
  6 centaurs
  3 kobold brigands
  2 elf zombies (Ossuary)
  A gnoll sergeant (D:6)
  A necrophage (D:7)
  10 bullfrogs
  3 scorpions
  A two-headed ogre simulacrum (D:13)
  A wyvern zombie (D:9)
  3 wights (D:10)
  10 killer bees
  5 howler monkeys
  12 electric eels
  A crimson imp (D:5)
  A human zombie (Ossuary)
  4 quasits
  A centaur zombie (D:9)
  6 hounds
  3 jellies
  2 gnoll boudas
  8 orc priests
  An iguana (D:5)
  23 orc wizards
  2 spriggan simulacra
  2 troll simulacra (D:13)
  2 mummies (Ossuary)
  3 howler monkey zombies (D:9)
  18 gnolls
  9 adders
  2 naga simulacra (D:13)
  A shadow imp (D:7)
  2 white imps (D:5)
  2 ufetubi
  An adder zombie (Ossuary)
  4 worms
  2 dart slugs
  55 orcs
  8 endoplasms
  2 giant cockroaches
  3 hobgoblins
  32 kobolds
  3 quokkas
  7 ball pythons
  5 bats
  5 frilled lizards
  10 goblins
  A goblin zombie (Ossuary)
  12 hobgoblin zombies (Ossuary)
  4 jackal zombies (Ossuary)
  11 kobold zombies (Ossuary)
  4 orc zombies (Ossuary)
  5 rats
  A rat zombie (Ossuary)
1678 creatures vanquished.

Vanquished Creatures (collateral kills)
  A pandemonium lord (D:9)
  4 dread liches
  2 ancient liches
  An orb of fire (Zot:5)
  Mara (Elf:3)
  the Lernaean hydra (Swamp:4)
  Saint Roka (Depths:2)
  A curse toe (Zot:5)
  6 golden dragons
  An electric golem (Zot:5)
  A bone dragon (Depths:4)
  3 tentacled monstrosities
  2 liches
  A deep elf master archer (Elf:3)
  7 Orb Guardians (Zot:5)
  A tentacled starspawn (Abyss:4)
  Asterion (Depths:2)
  3 acid blobs (Slime:5)
  A deep elf blademaster (Elf:3)
  A titan (Vaults:5)
  A sphinx (Vaults:4)
  3 death cobs
  Kirke (Swamp:4)
  5 shadow dragons
  4 tengu reavers
  2 draconian monks
  4 storm dragons
  2 draconian knights
  2 azure jellies (Slime:5)
  4 fire giants
  4 vault wardens
  3 deep elf sorcerers
  Aizul (Swamp:2)
  3 rockslimes (Slime:5)
  An imperial myrmidon (Desolation)
  3 frost giants
  2 deep elf elementalists (Elf:3)
  A balrug (Abyss:4)
  An iron dragon (shapeshifter) (Elf:3)
  2 ghost moths
  3 draconian stormcallers
  An orc warlord (Vaults:1)
  An emperor scorpion (Spider:3)
  A draconian scorcher (Zot:5)
  A stone giant (Vaults:4)
  17 very ugly things
  2 draconian annihilators
  14 ironbound preservers
  A spriggan defender (Depths:3)
  5 quicksilver oozes
  2 ironbound thunderhulks
  6 deep elf demonologists
  5 black draconians
  2 yellow draconians
  7 white draconians
  5 deep elf annihilators
  4 red draconians
  4 green draconians
  Azrael (D:13)
  2 eleionomae (Swamp:1)
  2 bunyips
  8 dire elephants
  7 purple draconians
  A spark wasp (Depths:3)
  A merfolk impaler (Abyss:3)
  6 ettins
  4 entropy weavers
  4 deep elf death magi (Elf:3)
  2 fire dragons
  A crystal guardian (Desolation)
  7 ragged hierophants (Desolation)
  2 deep elf high priests
  3 yaktaur captains
  7 servants of whispers (Desolation)
  8 hydras (Swamp:4)
  9 vault guards
  2 ice dragons
  A ghost crab (Swamp:4)
  2 rakshasas
  An ogre mage (Vaults:4)
  2 peacekeepers
  4 radroaches
  3 centaur warriors
  A juggernaut simulacrum (Depths:1)
  6 two-headed ogres
  3 boulder beetles
  An ironbound frostheart (Vaults:1)
  2 alligators
  A deep troll shaman (Depths:3)
  2 death yaks
  4 tengu warriors
  A deep troll earth mage (Vaults:5)
  16 dancing weapons
  2 soul eaters (Depths:3)
  3 spriggans (Swamp:1)
  An orc high priest (Elf:1)
  5 hell knights
  11 deep elf knights
  2 sun demons (Abyss:4)
  3 iron trolls
  A sixfirhy (D:9)
  2 goliath frogs
  3 orb spiders
  A skyshark (Lair:3)
  A swamp dragon (Swamp:4)
  30 deep trolls
  7 deep elf archers
  13 ironbound convokers
  A spark wasp zombie (Depths:1)
  A spectral hydra (Swamp:4)
  4 steelbarb worms
  2 flayed ghosts
  5 lindwurms
  2 bog bodies (Swamp:1)
  A phantasmal warrior (Vaults:4)
  3 orc knights
  3 wizards
  A harpy (Vaults:4)
  3 deep elf zephyrmancers
  5 deep elf pyromancers
  A will-o-the-wisp (Swamp:3)
  A shining eye (Slime:1)
  15 ugly things
  2 orc sorcerers
  A fire giant zombie (Vaults:4)
  8 moths of wrath
  A cyclops (D:13)
  A human zombie (Vaults:4)
  11 wolf spiders
  A manticore (D:15)
  An elephant (Lair:4)
  A salamander (Volcano)
  2 guardian serpents (Desolation)
  An orange demon (D:11)
  An eye of devastation (Slime:5)
  6 vault sentinels
  4 demonic crawlers
  2 smoke demons (Abyss:3)
  A cane toad (shapeshifter) (Vaults:4)
  A hellion (Depths:3)
  A rime drake (IceCv)
  A komodo dragon (Lair:2)
  2 unseen horror zombies (D:9)
  An unseen horror (D:11)
  A yaktaur zombie (Vaults:4)
  5 yaktaurs
  A freezing wraith (Vaults:5)
  2 tengu conjurers (Depths:3)
  4 trolls
  4 meliai
  3 tyrant leeches
  3 hellwings
  3 hornets
  3 polar bears (IceCv)
  4 tarantellas
  29 saltlings (Desolation)
  4 blink frogs
  A raiju (Swamp:2)
  31 slime creatures
  2 jumping spiders
  A spriggan (shapeshifter) (Vaults:4)
  5 water elementals
  3 vampires
  14 culicivoras
  6 hogs (Swamp:4)
  24 yaks
  A fire elemental (D:13)
  2 fire bats (Volcano)
  2 ynoxinuls
  A wyvern (Lair:1)
  14 redbacks
  2 steam dragons (Volcano)
  2 vampire mosquitoes
  3 swamp worms
  A large abomination (D:9)
  An acid dragon (D:13)
  2 water moccasins
  A hell hound (D:13)
  2 swamp drakes (Swamp:4)
  5 orc warriors
  A black bear (shapeshifter) (Elf:1)
  10 ogres
  7 wolves
  3 boggarts
  An earth elemental (Elf:3)
  A bullfrog (Lair:1)
  A scorpion (Spider:3)
  Dowan (D:4)
  2 killer bees (D:10)
  An electric eel (Spider:2)
  A quasit (D:11)
  A hound (D:10)
  3 orc priests
  4 orc wizards
  2 troll simulacra (D:13)
  A howler monkey zombie (D:9)
  A shadow imp (D:8)
  15 orcs
  A goblin (Bailey)
  2 kobolds
  2 butterflies (Lair:3)
733 creatures vanquished.

Vanquished Creatures (others)
  A lich (D:9)
  A draconian knight (Zot:2)
  A ghost moth (Spider:3)
  A deep elf high priest (Elf:3)
  2 spectral bunyips (Swamp:4)
  5 deep elf archers
  2 bog bodies (Swamp:4)
  A deep elf zephyrmancer (Elf:2)
  5 yaktaurs
  6 bloated husks
  A water elemental (Elf:3)
  A wyvern (Volcano)
  A swamp drake (Swamp:4)
  2 ancestors
  29 knights
  2 demonic plants (D:11)
  6 foxfires (Swamp:3)
  14 fungi
  185 plants
  4 starspawn tentacles (Abyss:4)
  3 withered plants
273 creatures vanquished.

Grand Total: 2684 creatures vanquished

Notes
Turn   | Place    | Note
-------+----------+-------------------------------------------
     0 | D:1      | wamuu the Human Hunter began the quest for the Orb.
     0 | D:1      | Reached XP level 1. HP: 16/16 MP: 1/1
    27 | D:1      | Found Gysuyn's Antique Weapon Emporium.
    52 | D:1      | Found a faded altar of an unknown god.
    86 | D:1      | Reached XP level 2. HP: 22/22 MP: 2/2
   218 | D:1      | Reached XP level 3. HP: 28/28 MP: 3/3
   634 | D:2      | Reached skill level 5 in Ranged Weapons
   634 | D:2      | Reached XP level 4. HP: 18/34 MP: 4/4
  1236 | D:2      | Reached XP level 5. HP: 30/39 MP: 5/5
  1851 | D:3      | Found a bloodstained altar of Trog.
  2544 | D:4      | Noticed Duvessa
  2544 | D:4      | Noticed Dowan
  2636 | D:4      | Noticed an ogre
  2876 | D:5      | Entered Level 5 of the Dungeon
  3176 | D:5      | Reached XP level 6. HP: 47/47 MP: 6/6
  3354 | D:5      | Found a sand-covered staircase.
  3359 | Ossuary  | Entered an ossuary
  3517 | Ossuary  | Reached XP level 7. HP: 26/52 MP: 7/7
  3792 | D:5      | Noticed a water moccasin
  3858 | D:5      | Killed a water moccasin
  4480 | D:4      | Killed Dowan
  4481 | D:4      | Reached XP level 8. HP: 61/61 MP: 8/8
  4495 | D:4      | Killed Duvessa
  4496 | D:4      | Reached skill level 5 in Fighting
  4496 | D:4      | Reached skill level 5 in Dodging
  4702 | D:4      | Found a runed translucent door.
  4703 | D:4      | Noticed Crazy Yiuf
  5567 | D:6      | Reached XP level 9. HP: 69/69 MP: 9/9
  5590 | D:6      | Found a white marble altar of Elyvilon.
  6004 | D:6      | Found a staircase to the Ecumenical Temple.
  6013 | Temple   | Entered the Ecumenical Temple
  6089 | Temple   | Became a worshipper of Hepliaklqana the Forgotten
  6478 | D:7      | Found a hide-covered altar of Uskayaw.
  6479 | D:7      | Noticed a +0 hand axe
  6479 | D:7      | Noticed a +0 hand axe
  7230 | D:8      | Reached * piety under Hepliaklqana
  7426 | D:1      | Bought a runed shortbow for 144 gold pieces
  7774 | D:8      | Found a shimmering altar of Xom.
  7774 | D:8      | Found an ornate altar of the Wu Jian Council.
  7861 | D:8      | Reached XP level 10. HP: 62/69 MP: 10/10
  7983 | D:8      | Reached skill level 10 in Ranged Weapons
  8016 | D:8      | Found a radiant altar of Vehumet.
  8415 | D:8      | Noticed an orc sorcerer
  8416 | D:8      | Paralysed by an orc sorcerer for 4 turns
  8423 | D:8      | Noticed a rust devil
  8691 | D:8      | Paralysed by an orc sorcerer for 5 turns
  8696 | D:8      | Killed an orc sorcerer
  8705 | D:8      | Paralysed by a hornet for 2 turns
  8709 | D:8      | Paralysed by a hornet for 2 turns
  9349 | D:9      | Found Zees's Assorted Antiques.
  9403 | D:9      | Bought a scroll labelled WIKIDDET CIET for 25 gold pieces
  9403 | D:9      | Bought a shiny gilded ring for 125 gold pieces
  9403 | D:9      | Bought an iron wand for 100 gold pieces
  9403 | D:9      | Bought a scroll of enchant armour for 187 gold pieces
  9463 | D:9      | Noticed a two-headed ogre
  9534 | D:9      | Killed a two-headed ogre
  9620 | D:9      | Noticed Maggie
  9633 | D:9      | Killed Maggie
  9655 | D:9      | Found a transporter.
  9655 | D:9      | Noticed a boulder beetle
  9656 | D:9      | Found a transporter.
  9662 | D:9      | Reached ** piety under Hepliaklqana
  9663 | D:9      | Remembered your ancestor Mamimi as a knight
  9694 | D:9      | Reached XP level 11. HP: 77/77 MP: 11/11
  9779 | D:9      | Found a basalt altar of Yredelemnul.
  9813 | D:9      | Noticed a two-headed ogre
  9820 | D:9      | Killed a two-headed ogre
 10021 | D:9      | Found a stormy altar of Qazlal.
 10105 | D:10     | Entered Level 10 of the Dungeon
 10124 | D:10     | Found a flagged portal.
 10133 | Bailey   | Entered a bailey
 10272 | Bailey   | Noticed an orc warlord
 10758 | Bailey   | Found a runed translucent gate.
 10758 | Bailey   | Found a runed translucent gate.
 10766 | Bailey   | Found a runed translucent gate.
 11071 | Bailey   | Killed an orc warlord
 11416 | D:10     | Found a staircase to the Lair.
 11579 | D:10     | Noticed a purple ugly thing
 11589 | D:10     | Killed a purple ugly thing
 11766 | D:10     | Noticed Nergalle
 11784 | D:10     | Killed Nergalle
 11785 | D:10     | Reached XP level 12. HP: 84/86 MP: 12/12
 11985 | D:10     | Found a burning altar of Makhleb.
 12064 | D:11     | Identified the +1 leather armour of Fortification {Int+2}
 12068 | D:11     | Acquired 635 gold pieces
 12070 | D:11     | Acquired the +7 triple crossbow of Destiny {freeze, rElec
                  | rC- Str+2 Dex+5}
 12299 | D:11     | Noticed Harold
 12309 | D:11     | Killed Harold
 12361 | D:11     | Noticed a soul eater
 12409 | Lair:1   | Entered Level 1 of the Lair of Beasts
 12460 | Lair:1   | Reached skill level 10 in Fighting
 12460 | Lair:1   | Reached skill level 10 in Dodging
 12697 | Lair:1   | Reached *** piety under Hepliaklqana
 13263 | Lair:2   | Reached XP level 13. HP: 92/92 MP: 13/13
 13317 | Lair:2   | Found a sacrificial altar of Ru.
 13327 | Lair:2   | Found a hole to the Spider Nest.
 13762 | Lair:2   | Found a staircase to the Swamp.
 13855 | Lair:2   | Reached **** piety under Hepliaklqana
 14179 | Lair:3   | Noticed a catoblepas
 14188 | Lair:3   | Killed a catoblepas
 14189 | Lair:3   | Reached skill level 15 in Ranged Weapons
 14473 | Lair:3   | Found a dark tunnel.
 14483 | Volcano  | Entered a volcano
 14939 | Volcano  | Noticed a fire dragon
 14946 | Volcano  | Killed a fire dragon
 15307 | Lair:3   | You fall into a shaft and drop 2 floors!
 15307 | Lair:5   | Entered Level 5 of the Lair of Beasts
 15395 | Lair:5   | Reached XP level 14. HP: 75/99 MP: 14/14
 15545 | Lair:5   | Found a viscous altar of Jiyva.
 15545 | Lair:5   | Found a staircase to the Slime Pits.
 15887 | Lair:5   | Identified the +0 spear of the Tundras {heavy, Fly rElec
                  | rPois}
 16174 | Lair:5   | Found a runed translucent door.
 16175 | Lair:5   | Noticed TryHard88's ghost (journeyman MiBe)
 16390 | Lair:5   | Reached ***** piety under Hepliaklqana
 17863 | D:11     | Found Ruteseor's Antique Weapon Emporium.
 17866 | D:11     | Bought a runed arbalest for 157 gold pieces
 17912 | D:11     | Reached XP level 15. HP: 103/103 MP: 15/15
 17996 | D:11     | Found a staircase to the Orcish Mines.
 17996 | D:11     | Found Diecojusk's Armour Boutique.
 18008 | D:11     | Bought the +1 pair of gloves of Dooptadi {MP+9 Str+3
                  | Stlth+} for 534 gold pieces
 18008 | D:11     | Bought a +2 pair of boots of flying for 258 gold pieces
 18148 | D:11     | Reached skill level 1 in Invocations
 18766 | D:12     | Found the +6 lightning scales {swift, rElec}
 19641 | Orc:1    | Entered Level 1 of the Orcish Mines
 19784 | Orc:1    | Reached skill level 5 in Invocations
 19972 | Orc:1    | Found Xajud's Weapon Emporium.
 20146 | Orc:2    | Entered Level 2 of the Orcish Mines
 20146 | Orc:2    | Found Juetiar's Book Shoppe.
 20284 | Orc:2    | Paralysed by an ogre mage for 4 turns
 20751 | Orc:2    | Found Enafeom's Book Shop.
 20756 | Orc:2    | Found Fuelonledd's Book Emporium.
 20757 | Orc:2    | Found Ruomiuc's Weapon Emporium.
 20980 | Orc:2    | Found a staircase to the Elven Halls.
 21464 | D:13     | Reached skill level 1 in Armour
 21467 | D:13     | Reached XP level 16. HP: 109/109 MP: 22/22
 21651 | D:13     | Noticed Azrael
 21658 | D:13     | Killed Azrael
 21734 | D:13     | Found a frozen archway.
 21750 | IceCv    | Entered an ice cave
 21920 | IceCv    | Noticed a frost giant
 21926 | IceCv    | Reached skill level 5 in Armour
 21938 | IceCv    | Killed a frost giant
 22239 | D:13     | Identified the +8 hand axe of Amorality {freeze, MP+9
                  | Dex+3}
 22325 | D:13     | Found a gate to the Vaults.
 22549 | D:13     | Identified the ring "Fiufusiupp" {Wiz Dex+6}
 23005 | D:14     | Found a snail-covered altar of Cheibriados.
 23164 | D:14     | Noticed Lodul
 23172 | D:14     | Killed Lodul
 23174 | D:14     | Reached XP level 17. HP: 110/115 MP: 23/23
 23244 | D:14     | Noticed Snorg
 23249 | D:14     | Killed Snorg
 23693 | D:15     | Entered Level 15 of the Dungeon
 23769 | D:15     | Found a staircase to the Depths.
 23807 | D:15     | Learned a level 3 spell: Ozocubu's Armour
 24303 | D:15     | Reached skill level 1 in Ice Magic
 24492 | Swamp:1  | Entered Level 1 of the Swamp
 25350 | Swamp:2  | Reached ****** piety under Hepliaklqana
 25543 | Swamp:2  | Noticed Aizul
 25867 | Swamp:2  | Killed Aizul
 26341 | Swamp:2  | Noticed Mlioglotl
 26351 | Swamp:2  | Killed Mlioglotl
 26400 | Swamp:2  | Reached skill level 5 in Ice Magic
 26632 | Swamp:3  | Reached skill level 15 in Dodging
 26763 | Swamp:3  | Reached XP level 18. HP: 120/120 MP: 24/24
 27219 | Swamp:4  | Entered Level 4 of the Swamp
 27219 | Swamp:4  | Identified Roxanne's Encyclopedia of the Plateau
 27219 | Swamp:4  | Noticed Roxanne
 27232 | Swamp:4  | Killed Roxanne
 27349 | Swamp:4  | Noticed the 27-headed Lernaean hydra
 27365 | Swamp:4  | Killed the 26-headed Lernaean hydra
 27426 | Swamp:4  | Found a transporter.
 27429 | Swamp:4  | Noticed Ijustatesigmund's ghost (adept KoHu)
 27478 | Swamp:4  | Noticed Kirke
 27491 | Swamp:4  | Killed Kirke
 27610 | Swamp:4  | Found a transporter.
 27618 | Swamp:4  | Identified the +7 halberd "Grim Tooth" {heavy, rElec rF+
                  | Dex+3}
 27628 | Swamp:4  | Got a decaying rune of Zot
 28304 | Spider:1 | Entered Level 1 of the Spider Nest
 28503 | Spider:1 | Reached skill level 10 in Invocations
 28748 | Spider:1 | Noticed Rupert
 28756 | Spider:1 | Killed Rupert
 29399 | Spider:2 | Noticed Frances
 29409 | Spider:2 | Killed Frances
 29443 | Spider:2 | Reached XP level 19. HP: 131/131 MP: 26/26
 30199 | Spider:3 | Noticed Arachne
 30212 | Spider:3 | Killed Arachne
 31305 | Spider:4 | Entered Level 4 of the Spider Nest
 31449 | Spider:4 | Identified the +4 flail of Beogh, Shrinking {elec, *Noise
                  | Will++}
 32405 | Spider:4 | Reached skill level 15 in Fighting
 32431 | Spider:4 | Noticed Louise
 32442 | Abyss:3  | Cast into level 3 of the Abyss (Louise)
 32506 | Abyss:3  | Got an abyssal rune of Zot
 32596 | Abyss:4  | Found a corrupted altar of Lugonu.
 32645 | Abyss:4  | Reached XP level 20. HP: 140/147 MP: 27/27
 32666 | Spider:4 | Escaped the Abyss
 32675 | Spider:4 | Killed Louise
 32772 | Spider:4 | Identified the +4 quarterstaff "Nonet" {heavy, *Corrode Fly
                  | Dex+4}
 32957 | Spider:4 | Got a gossamer rune of Zot
 33468 | Vaults:1 | Entered Level 1 of the Vaults
 35353 | Vaults:1 | Found Kawkout's General Store.
 35381 | Vaults:1 | Bought 2 scrolls of teleportation for 90 gold pieces
 35473 | Vaults:1 | Found Viusubbat's Assorted Antiques.
 35481 | Vaults:1 | Bought a scroll of teleportation for 90 gold pieces
 35481 | Vaults:1 | Bought a distressingly furry robe for 171 gold pieces
 35481 | Vaults:1 | Identified the +2 robe "Lutoajie" {Contam Regen+ Int+2}
                  | (You bought it in a shop on level 1 of the Vaults)
 35481 | Vaults:1 | Bought a crude tin ring for 150 gold pieces
 35481 | Vaults:1 | Identified the ring "Unoits" {+Blink rC+ rCorr SInv} (You
                  | bought it in a shop on level 1 of the Vaults)
 35481 | Vaults:1 | Bought a scroll of blinking for 225 gold pieces
 35481 | Vaults:1 | Bought a scroll of enchant armour for 225 gold pieces
 35607 | Vaults:1 | Reached skill level 1 in Evocations
 36024 | Swamp:4  | Killed Ijustatesigmund's ghost
 36263 | Swamp:4  | Got Sif Muna's Handbook of the Sinister Tempest
 36696 | Vaults:2 | Reached XP level 21. HP: 156/156 MP: 28/28
 36725 | Vaults:2 | Reached skill level 5 in Evocations
 37219 | Vaults:2 | Found a staircase to the Crypt.
 37511 | Vaults:2 | Reached skill level 10 in Evocations
 38137 | Vaults:3 | You are sucked into a shaft and drop 1 floor!
 38210 | Vaults:4 | Found a crumbling gateway.
 38224 | Desolati | Entered the Desolation of Salt
 38820 | Desolati | Identified the +0 lajatang of Laceration {heavy, rC+}
 38866 | Desolati | Reached XP level 22. HP: 98/156 MP: 29/29
 39017 | Desolati | Got the Anthology of Petrous Transmogrification
 39036 | Desolati | Identified the ring "Kuudd" {Will+ Str+4 SInv}
 39157 | Desolati | Identified the +3 chain mail of the Pink Corner {Will+}
 39191 | Desolati | Got Vehumet's Quarto of the Fifth Circle
 39208 | Desolati | Identified the +10 morningstar of Internal Strife {flame,
                  | +Blink rPois rF- rN+++}
 39339 | Desolati | Got the Information on Deathly Toxicants
 39344 | Desolati | Identified the ring of Vitys {+Blink rPois rF+ Stlth+}
 39351 | Desolati | Got Kogiup's Codex of Nauseating Breath
 39644 | Desolati | Identified the ring of Finality {Ice Fly rPois Str+2}
 39647 | Desolati | Identified the +6 sling of Patience {freeze, rC- Str+4
                  | Dex+4}
 39802 | Desolati | Identified the ring of Hojip {rElec rN+ Str+2}
 40255 | Vaults:4 | Reached skill level 10 in Ice Magic
 40596 | Vaults:4 | Found Fenkehann's Book Boutique.
 41761 | Elf:1    | Entered Level 1 of the Elven Halls
 42043 | Elf:1    | Reached skill level 10 in Armour
 42044 | Elf:1    | Reached XP level 23. HP: 172/172 MP: 30/30
 42202 | Elf:1    | Identified the +2 short sword of Might {heavy, rF- rN+
                  | Dex+6 Stlth+}
 42365 | Elf:1    | Found a runed translucent gate.
 42365 | Elf:1    | Found a runed translucent gate.
 42365 | Elf:1    | Found a runed translucent gate.
 42365 | Elf:1    | Found a runed translucent gate.
 42365 | Elf:1    | Found a runed translucent gate.
 42368 | Elf:1    | Found a runed translucent gate.
 42950 | Elf:2    | Found Judaig's Antique Weapon Emporium.
 42964 | Elf:2    | Found Xejagy's Weapon Emporium.
 42964 | Elf:2    | Found Tilyzo's Armour Emporium.
 43004 | Elf:2    | Found Worruen's Weapon Emporium.
 43249 | Elf:2    | Found a huge runed translucent gate.
 43249 | Elf:2    | Found a huge runed translucent gate.
 43269 | Elf:2    | Found a huge runed translucent gate.
 43269 | Elf:2    | Found a huge runed translucent gate.
 43269 | Elf:2    | Found a huge runed translucent gate.
 43388 | Elf:2    | Found Yleryra's Assorted Antiques.
 43396 | Elf:2    | Bought a scroll of poison for 164 gold pieces
 43396 | Elf:2    | Bought a scroll of magic mapping for 307 gold pieces
 44303 | Elf:3    | Entered Level 3 of the Elven Halls
 44557 | Elf:3    | Noticed Mara
 44566 | Elf:3    | Killed Mara
 44756 | Elf:3    | Found a shimmering blue altar of Sif Muna.
 45391 | Elf:3    | Reached XP level 24. HP: 182/182 MP: 30/30
 45555 | Abyss:4  | Cast into level 4 of the Abyss (a deep elf demonologist)
 45572 | Elf:3    | Escaped the Abyss
 45729 | Elf:3    | Identified the amulet "Tiunn" {Reflect Will++ SH+5}
 45883 | Elf:3    | Identified the +1 rapier of the Fuzzy God {heavy, Dex+3}
 45894 | Elf:3    | Identified the +1 sling of the Wilderness {elec, Int+6}
 45900 | Elf:3    | Identified the +6 spear of Wolud Ylo {vamp, *Slow rF+ Will+
                  | SInv}
 45903 | Elf:3    | Got Qotsa's Atlas of Boreal Transmutation
 46212 | Depths:1 | Entered Level 1 of the Depths
 46353 | Depths:1 | Found a transporter.
 46436 | Depths:1 | Found a runed translucent door.
 46440 | Depths:1 | Noticed a juggernaut
 46441 | Depths:1 | Noticed a caustic shrike
 46591 | Depths:1 | Found a runed translucent door.
 46597 | Depths:1 | Noticed Uloys's ghost (adept MiBe)
 46739 | Depths:1 | Found a gateway to Hell.
 47027 | Depths:1 | Noticed a golden dragon
 47110 | Depths:2 | Noticed Saint Roka
 47148 | Depths:2 | Killed Saint Roka
 48263 | Depths:2 | Found an ancient bone altar of Kikubaaqudgha.
 48300 | Depths:2 | Noticed Asterion
 48309 | Depths:2 | Killed Asterion
 48352 | Depths:2 | Found a one-way gate leading to the halls of Pandemonium.
 48673 | Depths:3 | Found a one-way gateway to a ziggurat.
 48997 | Depths:3 | Reached XP level 25. HP: 192/192 MP: 30/30
 49173 | Depths:3 | Identified the +10 spear of Optimality {venom, rElec rC-
                  | rCorr Dex-4}
 49210 | Depths:3 | Noticed an ancient lich
 49219 | Depths:3 | Killed an ancient lich
 49266 | Depths:3 | Identified the +2 pair of boots of Jafeost {rN+++ MP-9}
 49363 | Depths:3 | Found a one-way gate to the infinite horrors of the Abyss.
 49506 | Depths:3 | Found a radiant altar of Vehumet.
 49838 | Depths:3 | Identified the +1 robe "Xefugg" {Int+3 Stlth+}
 49942 | Depths:3 | Found an iron altar of Okawaru.
 50057 | Depths:4 | Entered Level 4 of the Depths
 50131 | Depths:4 | Found a gate to the Realm of Zot.
 50890 | Depths:4 | Reached skill level 5 in Stealth
 51596 | Vaults:5 | Entered Level 5 of the Vaults
 51602 | Vaults:5 | Reached XP level 26. HP: 144/203 MP: 30/30
 52518 | Vaults:5 | Noticed an ancient lich
 52593 | Vaults:5 | Noticed a dread lich
 52600 | Vaults:4 | Killed an ancient lich
 52749 | Vaults:4 | Killed a dread lich
 52756 | Vaults:5 | Noticed an ancient lich
 52840 | Vaults:4 | Killed an ancient lich
 53570 | Vaults:5 | Identified the +7 quarterstaff "Vapneasm" {freeze, rN+
                  | Will+}
 53988 | Vaults:5 | Reached skill level 10 in Stealth
 54227 | Vaults:5 | Reached XP level 27. HP: 212/212 MP: 30/30
 54415 | Vaults:5 | Got a silver rune of Zot
 55141 | Slime:1  | Entered Level 1 of the Pits of Slime
 55157 | Slime:1  | Gained mutation: You sometimes lose your temper in combat.
                  | [a shining eye]
 55159 | Slime:1  | Lost mutation: You sometimes lose your temper in combat.
                  | [potion of mutation]
 55159 | Slime:1  | Gained mutation: Your body sometimes deteriorates upon
                  | taking damage. [potion of mutation]
 55159 | Slime:1  | Gained mutation: Your movements are slightly less
                  | encumbered by armour. (ER -2) [potion of mutation]
 55160 | Slime:1  | Lost mutation: Your movements are slightly less encumbered
                  | by armour. (ER -2) [potion of mutation]
 55160 | Slime:1  | Lost mutation: Your body sometimes deteriorates upon taking
                  | damage. [potion of mutation]
 55160 | Slime:1  | Gained mutation: You are partially covered in iridescent
                  | scales. (AC +2) [potion of mutation]
 55160 | Slime:1  | Gained mutation: You are dopey. (Int -2) [potion of
                  | mutation]
 55160 | Slime:1  | Gained mutation: You expend magic power (3 MP) to
                  | strengthen your wands. [potion of mutation]
 55160 | Slime:1  | Gained mutation: You are mostly covered in iridescent
                  | scales. (AC +4) [potion of mutation]
 55205 | Slime:5  | Entered Level 5 of the Pits of Slime
 55270 | Slime:5  | Noticed the Royal Jelly
 55374 | Slime:5  | Killed the Royal Jelly
 55591 | Slime:5  | Found the +3 pair of mountain boots {steadfast, rC+}
 55598 | Slime:5  | Identified the +0 trident of Summer {heavy, rC+ Dex+2}
 55616 | Slime:5  | Identified the +4 chain mail of the Sacrificial Victim {rN+
                  | Dex+6 Slay-2}
 55617 | Slime:5  | Identified the +5 sling "Veqifaos" {heavy, Will- SInv
                  | Stlth+}
 55639 | Slime:5  | Identified the ring "Bodd" {rN+ rCorr Str+4 Dex+4 SInv}
 55676 | Slime:5  | Identified the +0 trident "Qikeic" {heavy, Will+ Str-2
                  | Int+2}
 55687 | Slime:5  | Got a slimy rune of Zot
 56041 | Zot:1    | Entered Level 1 of the Realm of Zot
 56810 | Zot:1    | You are sucked into a shaft and drop 1 floor!
 57387 | Zot:2    | Paralysed by a Zot trap for 4 turns
 57427 | Zot:2    | Found the +4 dragonskin cloak
 57427 | Zot:2    | Noticed Tiamat
 57440 | Zot:2    | Killed Tiamat
 58050 | Zot:3    | Noticed Vv
 58085 | Zot:3    | Killed Vv
 58887 | Zot:4    | Noticed an ancient lich
 58889 | Zot:4    | Noticed an orb of fire
 59000 | Zot:4    | Noticed an orb of fire
 59010 | Zot:4    | Gained mutation: Your body sometimes deteriorates upon
                  | taking damage. [an orb of fire]
 59030 | Zot:4    | Gained mutation: You are weak. (Str -2) [an orb of fire]
 59043 | Zot:4    | Gained mutation: You have sharp fingernails. [an orb of
                  | fire]
 59053 | Zot:4    | Killed an orb of fire
 59113 | Zot:4    | Identified the +4 longbow "Qig Ruy" {flame, rF+ rN++ Will-
                  | Int+3}
 59124 | Zot:4    | Found a transporter.
 59125 | Zot:4    | Identified the +3 quarterstaff "Newtslayer" {freeze, Dex+3}
 59187 | Zot:4    | Found a transporter.
 59216 | Zot:4    | Identified the ring "Withot" {Ice rElec rN++ Str+2 Int-2}
 59216 | Zot:4    | Noticed Josephina
 59230 | Zot:4    | Killed Josephina
 59816 | Zot:5    | Entered Level 5 of the Realm of Zot
 60782 | Zot:5    | Noticed an ancient lich
 60790 | Zot:5    | Killed an ancient lich
 60810 | Zot:5    | Noticed an orb of fire
 60816 | Zot:5    | Killed an orb of fire
 60878 | Zot:5    | Noticed an orb of fire
 60884 | Zot:5    | Noticed a Killer Klown
 60885 | Zot:5    | Noticed a Killer Klown
 60892 | Zot:5    | Gained mutation: You sometimes lose your temper in combat.
                  | [an orb of fire]
 60893 | Zot:5    | Killed an orb of fire
 60897 | Zot:5    | a Killer Klown changed into a juggernaut
 60897 | Zot:5    | Noticed a juggernaut
 60899 | Zot:5    | Killed a Killer Klown
 60901 | Zot:5    | Killed a juggernaut
 60998 | Zot:5    | Noticed an ancient lich
 61003 | Zot:5    | Killed an ancient lich
 61025 | Zot:5    | Noticed a dread lich
 61029 | Zot:5    | Killed a dread lich
 61081 | Zot:5    | Noticed an ancient lich
 61086 | Zot:5    | Killed an ancient lich
 61089 | Zot:5    | Noticed a Killer Klown
 61089 | Zot:5    | Noticed an orb of fire
 61091 | Zot:5    | Noticed a dread lich
 61093 | Zot:5    | Gained mutation: You occasionally shout uncontrollably at
                  | your foes. [an orb of fire]
 61097 | Zot:5    | Noticed a Killer Klown
 61102 | Zot:5    | Gained mutation: Potions are less effective at restoring
                  | your health. [an orb of fire]
 61107 | Zot:5    | Gained mutation: You are very dopey. (Int -4) [an orb of
                  | fire]
 61109 | Zot:5    | Killed an orb of fire
 61113 | Zot:5    | Killed a dread lich
 61119 | Zot:5    | Killed a Killer Klown
 61120 | Zot:5    | Killed a Killer Klown
 61121 | Zot:5    | Lost mutation: You are weak. (Str -2) [potion of mutation]
 61121 | Zot:5    | Lost mutation: You expend magic power (3 MP) to strengthen
                  | your wands. [potion of mutation]
 61121 | Zot:5    | Lost mutation: You have sharp fingernails. [potion of
                  | mutation]
 61122 | Zot:5    | Lost mutation: You sometimes lose your temper in combat.
                  | [potion of mutation]
 61122 | Zot:5    | Lost mutation: Your body sometimes deteriorates upon taking
                  | damage. [potion of mutation]
 61122 | Zot:5    | Gained mutation: You expend magic power (3 MP) to
                  | strengthen your wands. [potion of mutation]
 61122 | Zot:5    | Lost mutation: You are very dopey. (Int -4) [potion of
                  | mutation]
 61136 | Zot:5    | Noticed a dread lich
 61138 | Zot:5    | Noticed a Killer Klown
 61139 | Zot:5    | Killed a dread lich
 61149 | Zot:5    | Killed a Killer Klown
 61265 | Zot:5    | Got the Orb of Zot
 61593 | D:9      | Noticed Tukukuv the pandemonium lord
 61606 | D:9      | Killed Tukukuv the pandemonium lord
 61745 | D:3      | Noticed Tyufre the pandemonium lord
 61839 | D:$      | Escaped with the Orb!

Illustrated notes

Levels and vault maps discovered:
D:1:      lightli_arrival_flooded_house, layout_rooms, serial_shops,
          nicolae_shop_trees, ebering_ecumenical_altar_abandoned,
          minmay_heptomino_o4
D:2:      layout_basic, minmay_increasing_density
D:3:      layout_basic, marbit_many_paths, minivault_5
D:4:      layout_loops_cross, uniq_crazy_yiuf_cottage, uniq_duvessa
D:5:      layout_basic, lightli_ossuary_entry_decrepit_ruins,
          hangedman_abyss_or_decor_stabs, minmay_fire_ice_demons
D:6:      layout_basic, kennysheep_mini, temple_hall, eino_tiny_chamber
D:7:      layout_gridville, dancing_weapons_uskayaw
D:8:      cheibrodos_wizards_tower, layout_rooms, lemuel_doored_altar,
          gammafunk_temple_overflow_pools, dk_noncrumbling_4,
          minmay_fractal_squares_5
D:9:      gammafunk_boulding_lane, layout_gridville,
          nicolae_yredelemnul_corpse_copse, mainiacjoe_overflow_tiny_flanked,
          serial_shops, shop, uniq_maggie
D:10:     layout_roguey, lightli_temple_of_fire, erik_lair_island,
          enter_bailey_8, uniq_nergalle
D:11:     layout_irregular_city, orc_david_3, serial_demonic, serial_demonic_a,
          serial_demonic_b, serial_demonic_f, serial_demonic_e, serial_shops,
          nicolae_stop_n_shop_2, uniq_harold
D:12:     wad_woods_structure_01, layout_loops_ring, serial_park_tiny_1
D:13:     minmay_the_grid_plus [minmay_the_grid_odd_star, minmay_the_grid_mess,
          minmay_the_grid_expand, minmay_the_grid_medium_cups,
          minmay_the_grid_prize_shrinking_boxes], layout_long_grid,
          david_vaults_5, portal_ice_cave_entry_ice_simulacra,
          chequers_serial_rivers_small_3, uniq_azrael
D:14:     argonaut_augean_stables, layout_long_grid, cheibriados_altar_1,
          uniq_lodul, uniq_snorg
D:15:     gammafunk_enter_depths_forms, layout_small_grid, roderic_roman_lattice
Temple:   hellmonk_temple_forest_ring
Lair:1:   layout_misc_corridors, lemuel_fruit_tree
Lair:2:   layout_cave_pods, minmay_swamp_entry_eels, dummy_spider_entry,
          basic_altar
Lair:3:   layout_gridlike, enter_volcano_2, nicolae_lair_lil_pond,
          lemuel_fruit_fields, infiniplex_staircase_pool
Lair:4:   layout_hall_layers, chequers_serial_rivers_room_b, grunt_megastairs_3
Lair:5:   minmay_lair_end_enchanted_forest, layout_big_grid, slime_entry_1,
          gammafunk_ghost_grave, serial_bayou, serial_bayou_crossing,
          serial_bayou_ford_a, serial_bayou_pond_c, serial_bayou_lagoon_a,
          amcnicky_mini_pool_medium
Swamp:1:  layout_basic_swamp, hangedman_swamp_pad
Swamp:2:  layout_basic_swamp, serial_swamp_ruin, evilmike_swamp_ruin_wall,
          hangedman_swamp_ruin_wall, swamp_pool4, beargit_elvish_explorers,
          uniq_aizul, uniq_mlioglotl
Swamp:3:  layout_basic_swamp, hangedman_swamp_diagram, swamp_pool1
Swamp:4:  swamp, layout_basic_swamp, gammafunk_ghost_mausoleum, uniq_roxanne,
          uniq_kirke
Spider:1: layout_spider_delve, drop_trap, uniq_rupert
Spider:2: layout_spider_delve, uniq_frances
Spider:3: nicolae_spider_corner, uniq_arachne
Spider:4: hellmonk_spider_rune_bug_friends, uniq_louise
Slime:1:  layout_caves
Slime:2:  layout_caves
Slime:3:  layout_caves, cheibrodos_slime_lost_civilization_7
Slime:4:  layout_caves
Slime:5
Orc:1:    layout_caves, serial_shops, nicolae_shop_bloodbath_and_beyond
Orc:2:    st_orc_open, layout_caves
Elf:1:    minmay_elf_arrival_summoners, layout_loops_cross, orc_legates,
          st_stairs_6, nicolae_elf_martial_mastery
Elf:2:    elven_hall_of_blades_hangedman_alternative
          [nicolae_blade_entry_area_security], layout_geoelf_diagonals,
          serial_shops, nicolae_shop_advertising_works
          [nicolae_subvault_shop_adworks], minmay_shop_grid_forest, st_stairs_8,
          grunt_ministairs_8
Elf:3:    elf_hall, layout_loops_ring, basic_altar, uniq_mara
Vaults:1: vaults_dpeg_doors, vaults_room_hallway, v_misc_4,
          nicolae_vaults_big_ls, vaults_dpeg_diagonal, ontoclasm_vaults_chip,
          nicolae_vaults_circle_grid_b, v_alt_pattern_5, v_rooms_2,
          vaults_room_mumra_shop_pool, ontoclasm_vaults_decontamination,
          grunt_vaults_focal, vaults_room_fours, layout_vaults_ring,
          serial_shops, nicolae_shop_trees
Vaults:2: minmay_crypt_entry_nasty_monster, v_misc_3, ontoclasm_vaults_hangar,
          nicolae_vaults_little_squares_2, v_misc_8, ontoclasm_vaults_tryst,
          st_squares, vaults_room_corners, nicolae_vaults_shelves_hall,
          ontoclasm_vaults_claustrophobia, nicolae_vaults_back_hallway,
          ontoclasm_vaults_gateway, hangedman_vaults_slice,
          nicolae_vaults_little_squares_2, grunt_vaults_hallway_short,
          vaults_standard_mumra_x, layout_vaults_maze
Vaults:3: vaults_room_hallway, ontoclasm_vaults_bender,
          vaults_room_stairs_pillars, hangedman_vaults_stagger,
          ontoclasm_vaults_ring_small, v_misc_9, vaults_mumra_chevron_long,
          ontoclasm_vaults_fault, vaults_room_door_ring, hangedman_vaults_trim,
          vaults_mumra_hex, vaults_dpeg_emergency_exit, layout_vaults_omnicross
Vaults:4: portal_desolation_entry_ruin, ontoclasm_vaults_ligature,
          nicolae_vaults_windows_and_doors_thing, nicolae_vaults_triangles,
          vaults_dpeg_ring, v_misc_23, layout_vaults_omnigrid, serial_shops,
          shop_fountains
Vaults:5: serial_shops
Depths:1: gammafunk_dig_for_victory, layout_gridlike, grunt_hell_entry_dis_old,
          muffindrake_ghost_three_little_ghosts, grunt_ministairs_7,
          minmay_misc_feat_square, minmay_st_funbox, minmay_evil_grid
Depths:2: cheibrodos_quadrivalence, layout_gridlike,
          pf_vacation_house_of_asmodeus, basic_altar, pan_entry,
          interstate_on_off, uniq_saint_roka, uniq_asterion
Depths:3: minmay_tri_stars, layout_gridlike, enter_ziggurat_a,
          nicolae_vehumet_radiance, hellmouth_3, grunt_pan_entry_in_and_out,
          abyss_entry, okawaru_altar_gauntlet_db
Depths:4: grunt_crosshair, layout_honeycomb, chequers_serial_rivers_marsh,
          hell_entry
Zot:1:    layout_gridlike
Zot:2:    layout_misc_corridors, uniq_tiamat
Zot:3:    layout_twisted_circle, grunt_megastairs_2, uniq_vv
Zot:4:    gammafunk_the_bubble [the_bubble_gammafunk_crates], layout_basic,
          uniq_josephina
Zot:5:    layout_basic, skrybe_zot_glass_2

Skill      XL: |  1  2  3  4  5  6  7  8  9 10 11 12 13 14 15 16 17 18 19 20 21 22 23 24 25 26 27 |
---------------+----------------------------------------------------------------------------------+-----
Ranged Weapons | 5 6 7 8 9 11 13 14 16 19 20 21 22 26 | 26.0
Fighting       | 3 4 5 6 8 9 10 12 15 17 18 19 21 22 23 25 | 25.2
Dodging        | 3 4 5 7 8 9 11 13 14 15 16 17 18 19 21 22 23 24 26 | 26.1
Invocations    | 8 10 | 10.0
Armour         | 1 7 8 10 13 | 13.8
Ice Magic      | 5 10 | 10.0
Evocations     | 4 10 | 10.0
Stealth        | 6 10 | 10.0

Action                     |  1- 3 |  4- 6 |  7- 9 | 10-12 | 13-15 | 16-18 | 19-21 | 22-24 | 25-27 || total
---------------------------+-------+-------+-------+-------+-------+-------+-------+-------+-------++-------
   Fire: Shortbow          |    70 |    83 |    23 |   411 |       |       |       |       |       ||   587
         Sling             |       |   159 |   307 |       |       |       |       |       |       ||   466
         Arbalest          |       |       |       |   161 |   721 |   942 |  1007 |   886 |   718 ||  4435
         Triple crossbow   |       |       |       |       |    74 |     1 |       |   148 |   521 ||   744
         Longbow           |       |       |       |       |       |       |       |       |   170 ||   170
   Cast: Ozocubu's Armour  |       |       |       |       |       |     9 |    47 |   121 |   148 ||   325
 Invoke: Ancestor Identity |       |       |     2 |     1 |       |       |       |       |       ||     3
         Recall Ancestor   |       |       |       |     2 |     2 |     4 |     7 |     3 |    16 ||    34
         Ancestor Life: Kn |       |       |       |     1 |       |       |       |       |       ||     1
         Idealise          |       |       |       |       |       |    10 |     5 |    11 |    14 ||    40
         Transference      |       |       |       |       |       |     2 |       |     1 |       ||     3
Ability: Evoke Blink       |       |       |       |       |       |       |       |     2 |     4 ||     6
  Evoke: Wand              |       |       |       |       |     9 |     1 |       |       |       ||    10
         Box of beasts     |       |       |       |       |       |       |     1 |       |     1 ||     2
         Tin of tremorston |       |       |       |       |       |       |       |       |     1 ||     1
         Phial of floods   |       |       |       |       |       |       |       |       |     1 ||     1
    Use: Scroll            |       |     8 |     8 |    15 |     4 |    10 |     9 |     4 |    13 ||    71
         Potion            |       |     1 |     1 |     3 |     1 |     1 |     4 |     1 |    14 ||    26
 Armour: Leather armour    |     4 |    29 |    29 |    12 |       |       |       |       |       ||    74
         Robe              |       |       |       |    32 |    49 |    23 |    28 |    53 |    42 ||   227
         Swamp dragon scal |       |       |       |       |       |    80 |    95 |       |       ||   175
         Troll leather arm |       |       |       |       |       |       |       |       |    75 ||    75
  Dodge: Dodged            |     7 |    63 |    95 |   181 |   244 |   341 |   683 |   377 |  1193 ||  3184
  Block: Other             |       |       |       |    32 |    46 |    50 |   145 |    63 |   143 ||   479
         Reflection        |       |       |       |     1 |     1 |     1 |    10 |     7 |     5 ||    25

Table legend: (Time is in decaauts)
 A = Elapsed time spent in this place.
 B = Non-inter-level travel time spent in this place.
 C = Inter-level travel time spent in this place.
 D = Time resting spent in this place.
 E = Time spent auto-exploring this place.
 F = Levels seen in this place.
 G = Mean time per level.
                   A        B        C        D        E       F      G
               +--------+--------+--------+--------+--------+-----+--------+
         Total |  62134 |  56055 |   6079 |   9977 |  32955 |  61 | 1018.6 |
       Dungeon |  17132 |  14638 |   2494 |   2052 |   9264 |  15 | 1142.1 |
        Temple |     87 |     77 |     10 |      0 |     59 |   1 |   87.0 |
          Lair |   5317 |   4652 |    665 |    597 |   3189 |   5 | 1063.4 |
         Swamp |   4256 |   3861 |    395 |    770 |   2256 |   4 | 1064.0 |
   Spider Nest |   4762 |   4619 |    143 |   1336 |   2347 |   4 | 1190.5 |
    Slime Pits |    614 |    575 |     39 |     82 |    143 |   5 |  122.8 |
  Orcish Mines |   1823 |   1594 |    229 |    408 |    905 |   2 |  911.5 |
   Elven Halls |   4464 |   4078 |    386 |    451 |   2565 |   3 | 1488.0 |
        Vaults |   8755 |   7877 |    878 |   2084 |   4274 |   5 | 1751.0 |
        Depths |   4869 |   4467 |    402 |    156 |   3243 |   4 | 1217.2 |
           Zot |   5247 |   4814 |    433 |    785 |   2683 |   5 | 1049.4 |
         Abyss |    245 |    245 |      0 |     38 |     80 |   3 |   81.7 |
       Ossuary |    402 |    402 |      0 |     76 |    124 |   1 |  402.0 |
        Bailey |   1168 |   1168 |      0 |    515 |    333 |   1 | 1168.0 |
      Ice Cave |    388 |    388 |      0 |      0 |    241 |   1 |  388.0 |
       Volcano |    750 |    750 |      0 |     63 |    477 |   1 |  750.0 |
    Desolation |   1847 |   1847 |      0 |    562 |    772 |   1 | 1847.0 |
               +--------+--------+--------+--------+--------+-----+--------+

Top non-repeatable levels by time:
Vaults:4: 3450 daAuts
Spider:3: 2141 daAuts
    D:13: 2031 daAuts
Vaults:1: 1968 daAuts
Desolation: 1847 daAuts
   Elf:3: 1690 daAuts
Vaults:2: 1497 daAuts
     D:6: 1469 daAuts
Vaults:5: 1462 daAuts
  Lair:5: 1442 daAuts
     D:7: 1414 daAuts
   Elf:2: 1410 daAuts
Depths:3: 1383 daAuts
Depths:2: 1378 daAuts
   Elf:1: 1363 daAuts
